 Dungeon Crawl Stone Soup version 0.30-a0-1075-gcd70e7a56d (webtiles) character file.

Game seed: 8126156609209571668

1354443 Lobster4 the Devastator (level 27, 217/217 HPs)
             Began as a Human Conjurer on Apr 12, 2023.
             Was the Champion of Vehumet.
             Escaped with the Orb
             ... and 3 runes on Apr 14, 2023!
             The game lasted 06:06:33 (119205 turns).

Lobster4 the Devastator (Human Conjurer)          Turns: 119205, Time: 06:06:34

Health: 217/217    AC: 20    Str: 11    XL:     27
Magic:  49/53      EV: 13    Int: 33    God:    Vehumet [******]
Gold:   4675       SH: 20    Dex: 13    Spells: 2/61 levels left

rFire   + + +      SeeInvis +    M - staff of death "Fucocos" {rPois rC+ rN+ Int+2}
rCold   + + +      Faith    .    K - +2 shield of Resistance {rF++ rC++ Will++}
rNeg    + . .      Spirit   .    Q - +0 scale mail of the Tick {rC+ Will+ MP+9}
rPois   +          Reflect  +    (helmet restricted)
rElec   +          Rampage  .    P - +2 cloak {rPois}
rCorr   +                        R - +0 pair of gloves "Noloucuz" {rF+ Str+3 Int+2 Slay+2}
Will    +++++                    u - +2 pair of boots
Stlth   +                        O - amulet of Cafehy {Reflect rCorr SH+5}
HPRegen 0.56/turn                W - ring of see invisible
MPRegen 0.33/turn                f - ring "Emuth" {Fire Fly rElec rPois Int-2}

@: flying, studying 2 skills
A: antennae 1, clever 1, cold resistance 1, deterioration 1, weak 1, evolution
1, MP-powered wands
0: Orb of Zot
}: 3/15 runes: decaying, serpentine, silver
a: Renounce Religion


You escaped.
You worshipped Vehumet.
Vehumet was exalted by your worship.
You visited 11 branches of the dungeon, and saw 51 of its levels.
You visited 1 bazaar.
You also visited: Bailey, Ice Cave, Volcano and Wizlab.

You collected 8957 gold pieces.
You spent 4282 gold pieces at shops.

Inventory:

Hand Weapons
 a - the +8 trident of the Noxious God {holy, rC+}
   (You found it on level 8 of the Dungeon)

   rC:        It protects you from cold.
 b - a +6 sling of freezing
Missiles
 y - a throwing net
 Z - 9 curare-tipped darts (quivered)
Armour
 u - a +2 pair of boots (worn)
 w - a +2 helmet of intelligence
 K - the +2 shield of Resistance (worn) {rF++ rC++ Will++}
   (You found it on level 3 of the Depths)

   rF:        It greatly protects you from fire.
   rC:        It greatly protects you from cold.
   Will:      It greatly increases your willpower.
 P - a +2 cloak of poison resistance (worn)
 Q - the +0 scale mail of the Tick (worn) {rC+ Will+ MP+9}
   (You found it on level 3 of the Elven Halls)

   rC:        It protects you from cold.
   MP:        It affects your magic capacity (+9).
   Will:      It increases your willpower.
 R - the +0 pair of gloves "Noloucuz" (worn) {rF+ Str+3 Int+2 Slay+2}
   (You found it on level 5 of the Vaults)

   Str:       It affects your strength (+3).
   Int:       It affects your intelligence (+2).
   Slay:      It affects your accuracy & damage with ranged weapons and melee
   (+2).
   rF:        It protects you from fire.
Magical Staves
 M - the staff of death "Fucocos" (weapon) {rPois rC+ rN+ Int+2}
   (You found it on level 3 of the Elven Halls)

   [staff of death]

   Base accuracy: +5 Base damage: 5 Base attack delay: 1.2 This weapon's minimum
   attack delay (0.6) is reached at skill level 12.
   Int:       It affects your intelligence (+2).
   rC:        It protects you from cold.
   rPois:     It protects you from poison.
   rN:        It protects you from negative energy.
   It falls into the 'Staves' category.
   It is a one-handed weapon.
Jewellery
 f - the ring "Emuth" (right hand) {Fire Fly rElec rPois Int-2}
   (You bought it in a shop on level 4 of the Snake Pit)

   [ring of fire]

   It enhances your fire magic.
   Int:       It affects your intelligence (-2).
   rF:        It protects you from fire.
   rC:        It makes you vulnerable to cold.
   rElec:     It insulates you from electricity.
   rPois:     It protects you from poison.
   Fly:       It grants you flight.
 z - the ring of Vampiric Thralls {rN+ Int+3}
   (You acquired it on level 5 of the Lair of Beasts)

   [ring of positive energy]

   Int:       It affects your intelligence (+3).
   rN:        It protects you from negative energy.
 O - the amulet of Cafehy (around neck) {Reflect rCorr SH+5}
   (You bought it in a shop on level 4 of the Snake Pit)

   [amulet of reflection]

   It reflects blocked missile attacks.
   rCorr:     It protects you from acid and corrosion.
   SH:        It affects your SH (+5).
 W - a ring of see invisible (left hand)
Wands
 c - a wand of flame (74)
 p - a wand of light (6)
 D - a wand of roots (23)
 S - a wand of digging (1)
 X - a wand of mindburst (33)
 Y - a wand of paralysis (36)
Scrolls
 h - 4 scrolls of silence
 i - 5 scrolls of poison
 j - 6 scrolls of amnesia
 l - 3 scrolls of magic mapping
 o - 10 scrolls of immolation
 r - 4 scrolls of teleportation
 B - 2 scrolls of butterflies
 C - 7 scrolls of fog
 E - a scroll of brand weapon
 F - 9 scrolls of fear
 H - 4 scrolls of enchant armour
 N - 13 scrolls of enchant weapon
Potions
 d - 7 potions of haste
 e - 6 potions of brilliance
 g - 4 potions of heal wounds
 k - 8 potions of might
 m - 13 potions of lignification
 q - a potion of invisibility
 t - 7 potions of ambrosia
 x - 15 potions of curing
 A - 6 potions of cancellation
 G - 9 potions of mutation
 J - 4 potions of berserk rage
 U - 3 potions of resistance
Miscellaneous
 s - a phantom mirror
 v - a phial of floods
 I - a tin of tremorstones (2/2)
 T - a box of beasts
 V - a condenser vane


   Skills:
 + Level 18.1 Fighting
 - Level 1.0(2.0) Short Blades
 - Level 2.8(3.0) Long Blades
 - Level 7.0 Polearms
 - Level 5.0 Ranged Weapons
 - Level 3.0 Throwing
 + Level 19.1 Armour
 - Level 15.0 Dodging
 - Level 6.0 Stealth
 - Level 14.0 Shields
 + Level 17.6 Spellcasting
 - Level 20.0 Conjurations
 - Level 15.0 Summonings
 - Level 10.0 Translocations
 - Level 1.0 Transmutations
 - Level 12.0 Fire Magic
 - Level 12.0 Air Magic
 + Level 16.4 Earth Magic
 - Level 3.0 Poison Magic
 - Level 5.0 Evocations


You had 2 spell levels left.
You knew the following spells:

 Your Spells              Type           Power      Damage    Failure   Level
a - Magic Dart            Conj           100%       1d8       0%          1
b - Searing Ray           Conj           100%       2d8       0%          2
c - Stone Arrow           Conj/Erth      100%       3d13      0%          3
d - Iron Shot             Conj/Erth      49%        9d9       1%          6
e - Plasma Beam           Fire/Air       52%        2x1d73    2%          6
f - Airstrike             Air            41%        2d(6-22)  1%          4
g - Fireball              Conj/Fire      58%        3d22      1%          5
h - Scorch                Fire           100%       2d9       1%          2
i - Passwall              Tmut/Erth      60%        N/A       1%          2
j - Lee's Rapid Deconstr  Erth           47%        3d23*     1%          5
k - Summon Forest         Summ/Tloc      42%        N/A       1%          5
l - Freezing Cloud        Conj/Ice/Air   39%        6-21      1%          5
m - Blink                 Tloc           100%       N/A       1%          2
s - Spellforged Servitor  Conj/Summ      49%        N/A       1%          7
w - Flame Wave            Conj/Fire      100%       2d21      1%          4

Your spell library contained the following spells:

 Spells                   Type           Power      Damage    Failure   Level
 Maxwell's Capacitive Co  Air            41%        ∞         61%         8
 Foxfire                  Conj/Fire      100%       2x1d9     0%          1
 Sandblast                Erth           100%       2d20      0%          1
 Shock                    Conj/Air       100%       1d9       0%          1
 Summon Small Mammal      Summ           100%       N/A       0%          1
 Momentum Strike          Conj/Tloc      100%       3d10      0%          2
 Static Discharge         Conj/Air       100%       2-7/arc   0%          2
 Apportation              Tloc           100%       N/A       1%          1
 Freeze                   Ice            100%       1d10      1%          1
 Kiss of Death            Conj/Necr      100%       2d13      1%          1
 Lesser Beckoning         Tloc           100%       N/A       1%          2
 Poisonous Vapours        Pois/Air       100%       N/A       1%          2
 Necrotise                Necr           100%       1d9       7%          1
 Slow                     Hex            100%       N/A       7%          1
 Ensorcelled Hibernation  Hex/Ice        58%        N/A       11%         2
 Sublimation of Blood     Necr           43%        N/A       11%         2
 Dazzling Flash           Conj/Hex       100%       N/A       1%          3
 Gell's Gravitas          Tloc           76%        N/A       1%          3
 Inner Flame              Hex/Fire       80%        N/A       1%          3
 Mephitic Cloud           Conj/Pois/Air  82%        N/A       1%          3
 Swiftness                Air            83%        N/A       1%          3
 Teleport Other           Tloc           76%        N/A       1%          3
 Volatile Blastmotes      Fire/Tloc      100%       2d18      1%          3
 Animate Armour           Summ/Erth      100%       N/A       1%          4
 Fulminant Prism          Conj/Hex       38%        3d17      1%          4
 Iskenderun's Mystic Bla  Conj/Tloc      91%        2d18      1%          4
 Manifold Assault         Tloc           76%        N/A       1%          4
 Petrify                  Tmut/Erth      72%        N/A       1%          4
 Sticky Flame             Conj/Fire      100%       2d11      1%          4
 Irradiate                Conj/Tmut      39%        3d24      1%          5
 Iskenderun's Battlesphe  Conj           100%       2d15      1%          5
 Starburst                Conj/Fire      58%        6d15      1%          6
 Orb of Destruction       Conj           51%        9d13      1%          7
 Portal Projectile        Hex/Tloc       100%       N/A       2%          3
 Leda's Liquefaction      Hex/Erth       35%        N/A       2%          4
 Summon Cactus Giant      Summ           45%        N/A       2%          6
 Summon Ice Beast         Ice/Summ       68%        N/A       3%          4
 Lehudib's Crystal Spear  Conj/Erth      49%        10d12     7%          8
 Summon Mana Viper        Hex/Summ       68%        N/A       9%          5
 Dispersal                Tloc           38%        N/A       19%         6
 Confusing Touch          Hex            29%        N/A       22%         3
 Tukima's Dance           Hex            29%        N/A       22%         3
 Vampiric Draining        Necr           43%        2d9       22%         3
 Statue Form              Tmut/Erth      48%        N/A       30%         6
 Anguish                  Hex/Necr       21%        N/A       56%         4
 Cause Fear               Hex            14%        N/A       56%         4
 Dispel Undead            Necr           43%        3d17      56%         4
 Alistair's Intoxication  Tmut/Pois      28%        N/A       65%         5
 Blade Hands              Tmut           17%        N/A       78%         5
 Shatter                  Erth           47%        3d36*     87%         9
 Metabolic Englaciation   Hex/Ice        14%        N/A       89%         5
 Chain Lightning          Conj/Air       47%        3d62      91%         9
 Fire Storm               Conj/Fire      58%        8d15      91%         9
 Storm Form               Tmut/Air       32%        N/A       99%         7
 Enfeeble                 Hex            14%        N/A       100%        7
 Borgnjor's Revivificati  Necr           21%        N/A       100%        8
 Disjunction              Tloc           38%        N/A       100%        8
 Necromutation            Tmut/Necr      24%        N/A       100%        8
 Death's Door             Necr           21%        N/A       100%        9


Dungeon Overview and Level Annotations

Branches:
Dungeon (15/15)            Temple (1/1) D:4            Lair (5/5) D:11
  Swamp (4/4) Lair:2        Snake (4/4) Lair:2        Slime (0/5) Lair:5
    Orc (2/2) D:11            Elf (3/3) Orc:2        Vaults (5/5) D:13
  Crypt (3/3) Vaults:3       Tomb (0/3) Crypt:3      Depths (4/4) D:15
    Zot (5/5) Depths:4     Bailey (visited)           IceCv (visited)
Volcano (visited)          WizLab (visited)

Altars:
Ashenzari
Cheibriados
Dithmenos
Elyvilon
Fedhas
Gozag
Hepliaklqana
Kikubaaqudgha
Makhleb
Nemelex Xobeh
Okawaru
Qazlal
Ru
Sif Muna
Trog
Uskayaw
Vehumet
Wu Jian
Xom
Yredelemnul
Zin
The Shining One
Jiyva

Shops:
Orc:2 [*:?   Snake:1 !   Snake:2 ?!(??   Snake:4 =:=   Vaults:2 [   Zot:3 *

Portals:
Hell: Depths:1 Depths:2 Depths:3 Depths:4
Abyss: Depths:1 Depths:3
Pandemonium: Orc:2 Depths:2 Depths:4
Ziggurat: Depths:4

Annotations:
D:6 1 exclusion
Zot:3 3 runed translucent doors, CornPuffBuddha's ghost, veteran HOMo


Innate Abilities, Weirdness & Mutations

You have a pair of small antennae on your head.
Your mind is acute. (Int +4, Str/Dex -1)
Your flesh is cold resistant. (rC+)
Your body sometimes deteriorates upon taking damage.
You are weak. (Str -2)
You have hidden genetic potential.
You expend magic power (3 MP) to strengthen your wands.


Message History

You feel strangely unstable.
You feel the Orb delaying your translocation!
You block Seac's attack. x2
There is a stone staircase leading up here.
Seac attacks as you move away! Seac tramples you!!! You block Seac's attack.
Seac attacks as you move away! Seac tramples you but does no damage.
Seac attacks as you move away! You block Seac's attack.
Casting: Spellforged Servitor (mildly dangerous; 1% risk of failure)
Confirm with . or Enter, or press ? or * to list all spells.
Okay, then.
Casting: Spellforged Servitor (mildly dangerous; 1% risk of failure)
Confirm with . or Enter, or press ? or * to list all spells.
You blink.
Your surroundings suddenly seem different.
Your extra speed is starting to run out.
There is a stone staircase leading up here.
You fly upwards.
There is a stone staircase leading down here.
You feel yourself slow down.
There is a stone staircase leading up, spattered with blood here.
You fly upwards.
There is a stone staircase leading down here.
There is an open door here.
A green death comes into view.
Casting: Blink (safe; 1% risk of failure)
Confirm with . or Enter, or press ? or * to list all spells.
You summon a servant imbued with your destructive magic!
You reach down and open the door.
Your spellforged servitor casts a spell at the green death.
The iron shot hits the green death!!!
The green death closely misses your spellforged servitor.
There is an open door here.
Your spellforged servitor gestures at the green death while chanting.
The iron shot hits the green death!!!
The green death dies!
Vehumet accepts your kill.
There is a staircase leading out of the dungeon here.
You can't go down here!
You have escaped!

#.####.........#.#.........#.....
...# #.........'.'.........#....#
...# #.........#.#.........#.....
...# ##.......##.##.......##....#
...# ###....###'####...####....#
...#### #'#####.9.#####'# #....#
......###.###.......###.## #.#...
......##...#.........#...# #.#...
......##...+....@....+...# #.....
†.....##...#.........#...# #.....
......###.###.......###..# #.....
#.....# #.#####...#####.####.....
##....# #..#####'#####..##.......
#....####.............##..#.....
###...#################..##.....
###...........................
#################...........


You could see a friendly spellforged servitor (summoned).

Vanquished Creatures
  2 dread liches
  3 ancient liches
  4 orbs of fire (Zot:5)
  A pandemonium lord (Zot:1)
  Boris (Vaults:5)
  Saint Roka (Vaults:3)
  3 Killer Klowns
  Frederick (Vaults:4)
  Parghit (Depths:4)
  5 caustic shrikes (Depths:4)
  2 golden dragons
  Nikola (Vaults:1)
  A bone dragon (Vaults:3)
  A hellephant (Zot:1)
  An electric golem (Zot:5)
  Zenata (Vaults:3)
  Jorgrun (Orc:2)
  8 tentacled monstrosities
  2 quicksilver dragons
  Rupert (D:15)
  A Hell Sentinel (Depths:1)
  The ghost of Rudyous the Warrior, an adept DsFE of Vehumet (D:13)
  A deep elf blademaster (Elf:3)
  2 titans (Vaults:5)
  11 Orb Guardians (Zot:5)
  A deep elf master archer (Elf:3)
  5 death cobs
  2 sphinxes
  2 ancient champions
  2 thorn hunters (Swamp:3)
  3 storm dragons
  3 shadow dragons
  Roxanne (D:14)
  A tengu reaver (Vaults:5)
  3 revenants
  5 nagarajas
  3 draconian monks
  2 azure jellies (Swamp:4)
  A draconian knight (Zot:5)
  2 fenstrider witches (Swamp:4)
  An iron dragon (Vaults:5)
  8 deep elf sorcerers
  5 frost giants
  Aizul (Swamp:1)
  3 fire giants
  A balrug (Depths:2)
  3 spectral caustic shrikes
  4 draconian scorchers
  A ghost moth (Zot:3)
  A draconian shifter (Zot:5)
  7 vault wardens
  2 orc warlords
  13 ironbound preservers
  A spectral juggernaut (Crypt:3)
  2 draconian annihilators (Zot:5)
  2 ghouls (Crypt:2)
  6 ironbound thunderhulks
  3 reapers (IceCv)
  2 war gargoyles (Vaults:1)
  25 very ugly things
  14 stone giants
  4 green draconians
  A spectral titan (Crypt:3)
  5 vampire knights
  Azrael (D:13)
  6 black draconians
  2 spark wasps (WizLab)
  6 bunyips
  5 dire elephants
  3 white draconians
  3 deep elf demonologists (Elf:3)
  7 yellow draconians
  3 eleionomae
  4 red draconians
  9 deep elf annihilators
  Snorg (D:13)
  4 eidola
  4 deep elf death magi
  6 purple draconians
  2 pale draconians (Depths:4)
  2 blizzard demons
  An entropy weaver (Vaults:2)
  5 ettins
  2 shambling mangroves
  Josephine (D:14)
  6 deep elf high priests
  13 jiangshi
  2 great orbs of eyes (Vaults:1)
  A green death (Depths:2)
  2 mummy priests (Depths:3)
  7 fire dragons
  11 yaktaur captains
  A spriggan zombie (Depths:1)
  28 vault guards
  The ghost of avis the Skirmisher, a journeyman DgIE (D:11)
  A rakshasa (Depths:2)
  A peacekeeper (Vaults:1)
  9 ice dragons
  4 salamander tyrants (Snake:4)
  6 ghost crabs
  3 caustic shrike simulacra (IceCv)
  A hell beast (D:15)
  A spectral shadow dragon (Depths:3)
  12 hydras
  3 ogre magi
  A catoblepas (Lair:4)
  A fenstrider witch zombie (Crypt:3)
  A demonspawn (Orc:2)
  2 spriggan air magi (WizLab)
  A spriggan skeleton (Depths:1)
  An Orb Guardian zombie (Crypt:3)
  A spectral sphinx (Depths:3)
  20 anacondas
  25 two-headed ogres
  5 ironbound frosthearts
  2 spectral frost giants (Depths:3)
  5 alligators
  21 dancing weapons
  5 boulder beetles
  4 centaur warriors (D:14)
  An azure jelly zombie (Crypt:1)
  3 deep troll shamans (Depths:4)
  4 spectral fire giants (Depths:3)
  4 tengu warriors
  8 death yaks
  8 vampire magi
  6 shock serpents
  19 naga warriors
  6 deep troll earth magi
  14 deep elf knights
  6 orc high priests
  A spectral dire elephant (Crypt:3)
  3 spectral storm dragons
  Nergalle (Lair:1)
  Sonja (Orc:1)
  A spriggan berserker (Depths:4)
  3 soul eaters
  22 naga sharpshooters
  A storm dragon zombie (Crypt:3)
  2 iron trolls
  11 hell knights
  12 skeletal warriors
  A skyshark (Lair:4)
  A spectral spark wasp (Depths:3)
  2 spectral death yaks (Lair:5)
  3 sixfirhies
  2 spectral anacondas
  3 death drakes (WizLab)
  A spark wasp zombie (Depths:1)
  A goliath frog (Swamp:4)
  9 shadow wraiths
  3 glowing orange brains
  5 salamander mystics
  2 spriggan druids (Swamp:1)
  3 swamp dragons
  6 flayed ghosts
  3 phantasmal warriors
  2 sea snakes (Snake:3)
  4 obsidian statues
  5 bog bodies
  35 deep trolls
  Pikel (D:9)
  3 spectral iron dragons (Depths:3)
  9 deep elf archers
  2 orange crystal statues
  7 naga ritualists
  18 ironbound convokers
  17 wizards
  10 lindwurms
  15 necromancers
  A shadow dragon zombie (Depths:1)
  23 deep elf pyromancers
  5 orc knights
  23 deep elf zephyrmancers
  41 ugly things
  A fire giant zombie (Depths:1)
  14 harpies (Vaults:1)
  2 manticores
  2 oklob plants (Lair:1)
  A stone giant zombie (Crypt:1)
  17 mana vipers
  11 orc sorcerers
  6 will-o-the-wisps
  20 salamanders
  An iron dragon skeleton (Crypt:3)
  A frost giant skeleton (Depths:1)
  22 moths of wrath
  A centaur zombie (Crypt:1)
  2 rust devils (Zot:1)
  A spectral alligator snapping turtle (Crypt:3)
  An eleionoma skeleton (Crypt:2)
  Joseph (D:7)
  10 vault sentinels
  5 cyclopes
  23 naga magi
  A stone giant skeleton (Depths:1)
  40 black mambas
  13 elephants
  An apocalypse crab (WizLab)
  13 guardian serpents
  An orange demon (Orc:2)
  A purple draconian zombie (Crypt:2)
  3 gargoyles
  7 cane toads
  A shock serpent skeleton (Crypt:2)
  2 unseen horrors
  A torpor snail (Lair:5)
  4 centaur skeletons
  4 rime drakes
  A sea snake zombie (Crypt:3)
  20 freezing wraiths
  2 anaconda simulacra (IceCv)
  10 komodo dragons
  A bunyip simulacrum (Crypt:3)
  15 yaktaurs
  2 golden dragon simulacra (IceCv)
  Maggie (D:6)
  A red devil (Orc:2)
  A sea snake skeleton (Crypt:3)
  3 ice devils
  3 tengu conjurers (Depths:1)
  13 trolls
  3 bloated husks
  8 guardian mummies (Depths:3)
  A spectral harpy (Crypt:3)
  2 spectral glowing shapeshifters (Depths:3)
  A hellwing (Depths:2)
  8 hornets
  A troll (shapeshifter) (Vaults:5)
  A wind drake (WizLab)
  3 polar bears (D:10)
  7 tyrant leeches
  A dream sheep (D:10)
  A harpy skeleton (Crypt:3)
  A wolf spider simulacrum (D:13)
  4 nameless horrors
  5 blink frogs (Lair:4)
  A dream sheep (shapeshifter) (D:14)
  A spectral elephant (Lair:5)
  An ettin zombie (Depths:1)
  A fire giant simulacrum (Depths:1)
  32 slime creatures
  A guardian serpent skeleton (Crypt:3)
  A spectral black mamba (Crypt:3)
  2 vampires
  5 air elementals
  10 spriggans
  A centaur simulacrum (Crypt:3)
  7 wyverns
  11 wraiths
  5 flying skulls (Crypt:1)
  Sigmund (D:6)
  2 shadows
  55 yaks
  3 fire bats (Lair:4)
  A human (shapeshifter) (Elf:2)
  A black mamba skeleton (Crypt:2)
  A golden eye (shapeshifter) (Elf:2)
  5 basilisks
  3 fire elementals
  17 vampire mosquitoes
  A hog (D:10)
  2 death yak simulacra (Lair:5)
  2 redbacks (Vaults:2)
  A chaos spawn (Depths:2)
  22 swamp worms
  Menkaure (D:6)
  2 minotaur simulacra (IceCv)
  A spectral cane toad (Lair:5)
  3 steam dragons (Depths:4)
  54 nagas
  6 swamp worm simulacra (Swamp:4)
  A harpy simulacrum (IceCv)
  4 wargs
  15 hydra simulacra
  11 water moccasins
  8 acid dragons
  A two-headed ogre skeleton (Crypt:2)
  6 hell hounds (D:13)
  A glowing shapeshifter skeleton (Depths:1)
  A deep troll skeleton (Crypt:1)
  35 orc warriors
  3 sky beasts
  8 black bears
  3 swamp drakes
  The ghost of Elsrick the Trooper, an amateur HOFi (D:3)
  3 ettin simulacra (IceCv)
  5 boggarts (Vaults:1)
  An ice beast (D:7)
  An elephant zombie (Lair:5)
  6 centaurs
  17 ogres
  16 wolves
  An elephant skeleton (Lair:5)
  4 lemures
  A phantom (D:6)
  An elf zombie (Crypt:2)
  A kobold brigand (D:9)
  12 bullfrogs
  A gnoll sergeant (D:8)
  2 necrophages (Crypt:2)
  An elf skeleton (Crypt:2)
  2 cane toad simulacra (Lair:5)
  3 scorpions
  7 wights (D:8)
  3 killer bees (D:8)
  A yak skeleton (Crypt:1)
  An electric eel (Lair:4)
  A howler monkey (D:12)
  9 vampire bats (Bailey)
  7 wolf zombies (Bailey)
  A lava snake (D:9)
  4 jellies
  A gnoll bouda (D:7)
  6 hounds
  26 orc priests
  A human skeleton (Crypt:2)
  18 orc wizards
  A sleepcap (D:8)
  8 gnolls
  17 adders
  A shadow imp (D:7)
  2 white imps (D:5)
  2 swamp drake simulacra (Swamp:4)
  2 worms (D:2)
  3 dart slugs (D:1)
  78 orcs
  8 ball pythons
  5 endoplasms
  2 giant cockroaches
  A gnoll zombie (Crypt:2)
  11 goblins
  7 hobgoblins
  14 kobolds
  5 quokkas
  4 bats
  4 frilled lizards (D:1)
  19 orc zombies (Bailey)
  8 rats
  A spectral orc (D:7)
1978 creatures vanquished.

Vanquished Creatures (collateral kills)
  A dread lich (Vaults:5)
  An ancient lich (Zot:5)
  4 orbs of fire (Zot:5)
  Mara (Vaults:3)
  A juggernaut (Depths:4)
  A royal mummy (Depths:3)
  A Killer Klown (Zot:5)
  Bai Suzhen (Snake:2)
  9 golden dragons
  Cloud Mage (WizLab)
  An electric golem (Zot:5)
  The ghost of Inath the Black Belt, an adept OpTm of Cheibriados (Vaults:4)
  A Brimstone Fiend (Depths:2)
  2 liches
  8 tentacled monstrosities
  15 Orb Guardians
  4 titans (Vaults:5)
  A deep elf blademaster (Elf:2)
  5 quicksilver dragons
  A deep elf master archer (Elf:3)
  3 death cobs
  3 sphinxes
  3 ancient champions (Crypt:1)
  9 shadow dragons
  4 storm dragons
  3 revenants (Crypt:3)
  7 draconian monks
  4 tengu reavers
  A fire giant (Vaults:5)
  2 frost giants
  2 vault wardens (Vaults:5)
  2 draconian knights
  5 deep elf sorcerers (Elf:3)
  An iron dragon (Depths:4)
  A spectral caustic shrike (Crypt:3)
  4 draconian scorchers
  An orc warlord (Vaults:4)
  A draconian stormcaller (Zot:4)
  A deep elf elementalist (Elf:3)
  3 curse skulls
  2 draconian shifters
  4 war gargoyles
  5 stone giants
  3 ironbound preservers (Vaults:5)
  3 draconian annihilators
  4 very ugly things (Depths:4)
  2 vampire knights
  13 green draconians
  A deep elf demonologist (Elf:3)
  7 red draconians
  8 purple draconians
  3 white draconians
  9 black draconians
  5 yellow draconians
  6 deep elf annihilators (Elf:3)
  6 eidola
  A deep elf death mage (Elf:3)
  A green death (D:1)
  A blizzard demon (WizLab)
  6 ettins
  A spectral golden dragon (Crypt:3)
  12 jiangshi
  4 deep elf high priests
  4 fire dragons
  A yaktaur captain (Vaults:5)
  A spectral shadow dragon (Crypt:3)
  3 vault guards (Vaults:4)
  An ice dragon (Depths:4)
  2 ghost crabs (WizLab)
  3 spriggan air magi
  A catoblepas (shapeshifter) (Vaults:5)
  2 ogre magi (Vaults:5)
  3 dancing weapons
  2 death knights (Crypt:1)
  2 deep troll earth magi (Depths:4)
  A spectral storm dragon (Crypt:3)
  An orc high priest (Orc:2)
  3 vampire magi (Crypt:1)
  2 shock serpents (WizLab)
  9 deep elf knights
  2 hell knights (Depths:4)
  A soul eater (D:3)
  A shadow wraith (Crypt:3)
  2 iron trolls (Depths:4)
  2 death drakes (WizLab)
  7 skeletal warriors
  4 deep trolls
  5 deep elf archers
  4 flayed ghosts (Crypt:3)
  2 bunyip skeletons (Crypt:1)
  11 deep elf pyromancers
  10 phantasmal warriors
  10 deep elf zephyrmancers
  An ironbound convoker (Vaults:5)
  2 necromancers
  A broodmother zombie (Crypt:1)
  An orc sorcerer (Elf:2)
  2 spectral ettins (Crypt:3)
  3 ugly things
  7 moths of wrath
  A dire elephant zombie (Crypt:2)
  3 vault sentinels
  A rust devil (Depths:2)
  2 yaktaurs (Vaults:3)
  4 freezing wraiths (Crypt:3)
  A white draconian skeleton (Crypt:1)
  A spectral harpy (Crypt:3)
  A tarantella (shapeshifter) (Vaults:5)
  3 wind drakes (WizLab)
  A slime creature (Vaults:3)
  8 air elementals
  A vampire (Bailey)
  A water elemental (Elf:3)
  A wraith (Crypt:1)
  A shadow (Crypt:3)
  An alligator snapping turtle simulacrum (Crypt:1)
  A water nymph zombie (Crypt:1)
  A faun skeleton (Crypt:3)
  An orc warrior (Orc:2)
  An ogre (Vaults:5)
  A swamp dragon skeleton (Crypt:1)
  2 draconian zombies (Crypt:1)
  A yaktaur skeleton (Crypt:1)
  A yak zombie (Crypt:3)
  A warg skeleton (Crypt:3)
  An acid dragon zombie (Crypt:3)
  An orc (Vaults:3)
389 creatures vanquished.

Vanquished Creatures (others)
  A dancing weapon (Orc:2)
  2 deep trolls (Vaults:1)
  A deep elf zephyrmancer (Elf:1)
  A moth of wrath (Zot:4)
  A vault sentinel (Vaults:1)
  An air elemental (WizLab)
  2 bushes
  6 foxfires
  57 fungi
  75 plants
  37 withered plants (Lair:5)
184 creatures vanquished.

Grand Total: 2551 creatures vanquished

Notes
Turn   | Place    | Note
-------+----------+-------------------------------------------
     0 | D:1      | Lobster4 the Human Conjurer began the quest for the Orb.
     0 | D:1      | Reached XP level 1. HP: 13/13 MP: 3/3
   212 | D:1      | Reached XP level 2. HP: 20/20 MP: 0/5
   463 | D:1      | Reached XP level 3. HP: 25/25 MP: 1/6
   992 | D:1      | Reached skill level 1 in Throwing
  1085 | D:1      | Learned a level 2 spell: Searing Ray
  1378 | D:2      | Reached XP level 4. HP: 31/31 MP: 5/7
  1458 | D:2      | Reached skill level 1 in Armour
  1846 | D:2      | Reached skill level 1 in Fighting
  2232 | D:3      | Learned a level 3 spell: Stone Arrow
  2329 | D:3      | Reached skill level 1 in Short Blades
  2622 | D:3      | Found a runed translucent door.
  2625 | D:3      | Noticed Elsrick's ghost (amateur HOFi)
  2649 | D:3      | Reached XP level 5. HP: 37/37 MP: 3/8
  2829 | D:3      | Found a hazy altar of Hepliaklqana.
  3078 | D:3      | Found an ornate altar of the Wu Jian Council.
  3198 | D:3      | Found an ancient bone altar of Kikubaaqudgha.
  3322 | D:3      | Found a broken altar of Ashenzari.
  3726 | D:4      | Reached skill level 1 in Earth Magic
  3726 | D:4      | Reached XP level 6. HP: 42/44 MP: 0/9
  3847 | D:4      | Identified a scroll of acquirement
  3850 | D:4      | Learned a level 2 spell: Scorch
  4414 | D:4      | Found a blossoming altar of Fedhas.
  4538 | D:4      | Found a staircase to the Ecumenical Temple.
  4548 | Temple   | Entered the Ecumenical Temple
  4553 | Temple   | Became a worshipper of Vehumet
  4643 | D:5      | Entered Level 5 of the Dungeon
  4647 | D:5      | Noticed a black bear
  4651 | D:5      | Killed a black bear
  4652 | D:5      | Reached XP level 7. HP: 49/49 MP: 0/11
  4787 | D:5      | Reached skill level 1 in Fire Magic
  4902 | D:5      | Reached skill level 1 in Long Blades
  5005 | D:5      | Found a shimmering blue altar of Sif Muna.
  5679 | D:5      | Found a stormy altar of Qazlal.
  5873 | D:5      | Found a sparkling altar of Nemelex Xobeh.
  5954 | D:6      | Reached skill level 5 in Conjurations
  6049 | D:6      | Noticed Sigmund
  6138 | D:6      | Reached XP level 8. HP: 57/57 MP: 6/12
  6475 | D:6      | Noticed a wraith
  6476 | D:6      | Noticed a troll
  6622 | D:6      | Killed Sigmund
  6845 | D:6      | Noticed Menkaure
  6847 | D:6      | Killed Menkaure
  7323 | D:6      | Noticed Maggie
  7484 | D:6      | Reached XP level 9. HP: 64/64 MP: 3/14
  8041 | D:7      | Noticed Joseph
  8065 | D:7      | Killed Joseph
  8120 | D:7      | Acquired the Parchment of the Galvanic Volcano
  8125 | D:7      | Learned a level 2 spell: Passwall
  8129 | D:7      | Learned a level 3 spell: Mephitic Cloud
  8156 | D:7      | Acquired the amulet of the Delightful God {Acrobat rC+
                  | Slay+3}
  8464 | D:7      | Reached skill level 6 in Conjurations
  8899 | D:7      | Found a basalt altar of Yredelemnul.
  8902 | D:7      | Reached * piety under Vehumet
  8902 | D:7      | Offered knowledge of Foxfire by Vehumet.
  9144 | D:8      | Identified the +8 trident of the Noxious God {holy, rC+}
  9223 | D:8      | Reached skill level 1 in Air Magic
  9500 | D:8      | Reached skill level 1 in Evocations
  9670 | D:8      | Reached skill level 1 in Transmutations
  9670 | D:8      | Reached XP level 10. HP: 71/71 MP: 11/16
  9732 | D:8      | Learned a level 4 spell: Flame Wave
  9932 | D:8      | Paralysed by a hornet for 3 turns
  9938 | D:8      | Reached skill level 1 in Polearms
  9938 | D:8      | Reached skill level 1 in Poison Magic
 10588 | D:9      | Noticed Pikel
 10781 | D:9      | Offered knowledge of Static Discharge by Vehumet.
 10782 | D:9      | Reached skill level 5 in Dodging
 10952 | D:9      | Paralysed by Pikel for 3 turns
 10966 | D:9      | Paralysed by Pikel for 4 turns
 10978 | D:9      | Killed Pikel
 10979 | D:9      | Reached skill level 1 in Shields
 11193 | D:9      | Found a burning altar of Makhleb.
 11199 | D:9      | Reached ** piety under Vehumet
 11416 | D:9      | Found a shimmering altar of Xom.
 11416 | D:9      | Found a shimmering altar of Xom.
 11417 | D:9      | Found a shimmering altar of Xom.
 11417 | D:9      | Found a shimmering altar of Xom.
 11418 | D:9      | Found a shimmering altar of Xom.
 11798 | D:9      | Found an iron altar of Okawaru.
 12218 | D:9      | Noticed a two-headed ogre
 12224 | D:9      | Killed a two-headed ogre
 12225 | D:9      | Reached skill level 5 in Spellcasting
 12225 | D:9      | Reached XP level 11. HP: 78/78 MP: 8/18
 12340 | D:10     | Entered Level 10 of the Dungeon
 12357 | D:10     | Found a flagged portal.
 12378 | Bailey   | Entered a bailey
 12749 | Bailey   | Offered knowledge of Momentum Strike by Vehumet.
 12763 | Bailey   | Learned a level 2 spell: Momentum Strike
 12822 | Bailey   | Reached *** piety under Vehumet
 12823 | Bailey   | Reached skill level 5 in Fighting
 12823 | Bailey   | Reached skill level 5 in Armour
 12874 | Bailey   | Reached skill level 5 in Earth Magic
 13292 | D:10     | Found a huge runed translucent gate.
 13294 | D:10     | Found a huge runed translucent gate.
 13295 | D:10     | Found a huge runed translucent gate.
 13295 | D:10     | Noticed a manticore
 13296 | D:10     | Found a huge runed translucent gate.
 13662 | D:10     | Noticed a two-headed ogre
 13671 | D:10     | Reached skill level 5 in Fire Magic
 13700 | D:10     | Offered knowledge of Frozen Ramparts by Vehumet.
 13703 | D:10     | Killed a two-headed ogre
 13704 | D:10     | Reached skill level 7 in Conjurations
 13704 | D:10     | Reached skill level 1 in Translocations
 13931 | D:10     | Found a hide-covered altar of Uskayaw.
 14262 | D:11     | Noticed a two-headed ogre
 14262 | D:11     | Noticed avis's ghost (journeyman DgIE)
 14262 | D:11     | Noticed a two-headed ogre
 14262 | D:11     | Noticed a two-headed ogre
 14262 | D:11     | Found a transporter.
 14268 | D:11     | Noticed a two-headed ogre
 14276 | D:11     | Identified the +7 great mace "Gikirocs" {venom, Will++}
 14276 | D:11     | Noticed a two-headed ogre
 14436 | D:11     | Noticed a boulder beetle
 14695 | D:11     | Found a staircase to the Lair.
 15741 | D:11     | Reached XP level 12. HP: 80/87 MP: 14/20
 15811 | D:11     | Found a staircase to the Orcish Mines.
 15957 | D:11     | Reached **** piety under Vehumet
 16037 | D:11     | Killed a boulder beetle
 16324 | D:11     | Found a transporter.
 16366 | Orc:1    | Entered Level 1 of the Orcish Mines
 16375 | Orc:1    | Offered knowledge of Arcjolt by Vehumet.
 16990 | D:11     | Found a staircase to the Orcish Mines.
 17014 | D:11     | Found a transporter.
 17495 | Orc:1    | Noticed Sonja
 17762 | Orc:1    | Killed Sonja
 18020 | Orc:2    | Entered Level 2 of the Orcish Mines
 18611 | Orc:2    | Noticed a sixfirhy
 18626 | Orc:1    | HP: 3/88 [sixfirhy (12)]
 18678 | Orc:1    | Killed a sixfirhy
 19204 | Orc:2    | Found Peith's General Store.
 19515 | Orc:2    | Found Japsar's Magic Scroll Emporium.
 19533 | Orc:2    | Reached ***** piety under Vehumet
 20021 | Orc:2    | Bought a scroll of magic mapping for 75 gold pieces
 20021 | Orc:2    | Bought a scroll of poison for 40 gold pieces
 20021 | Orc:2    | Bought a scroll of fear for 40 gold pieces
 20054 | Orc:2    | Reached skill level 8 in Conjurations
 20151 | Orc:2    | Noticed a sixfirhy
 20158 | Orc:2    | Killed a sixfirhy
 20158 | Orc:2    | Offered knowledge of Olgreb's Toxic Radiance by Vehumet.
 20159 | Orc:2    | Reached skill level 5 in Polearms
 20251 | Orc:2    | Noticed a soul eater
 20254 | Orc:2    | Reached skill level 5 in Shields
 20262 | Orc:2    | Killed a soul eater
 20263 | Orc:2    | Reached skill level 5 in Air Magic
 20263 | Orc:2    | Reached XP level 13. HP: 85/96 MP: 4/23
 20616 | Orc:2    | Noticed an orc warlord
 20620 | Orc:2    | Found a staircase to the Elven Halls.
 21396 | Orc:2    | Reached skill level 9 in Conjurations
 21524 | Orc:2    | Noticed a demonspawn
 21531 | Orc:2    | Killed a demonspawn
 21534 | Orc:2    | Found Roluptuarph's Book Boutique.
 21534 | Orc:2    | Found Rilewearcha's Antique Armour Shop.
 21534 | Orc:2    | Found a one-way gate leading to the halls of Pandemonium.
 21679 | Orc:2    | Bought a scorched scale mail for 252 gold pieces
 21679 | Orc:2    | Identified the +5 scale mail of Biblohi {rC+ Dex+3} (You
                  | bought it in a shop on level 2 of the Orcish Mines)
 21980 | Orc:2    | Killed an orc warlord
 22287 | Orc:2    | Bought a scroll of poison for 40 gold pieces
 22287 | Orc:2    | Bought a scroll of poison for 40 gold pieces
 22344 | Lair:1   | Entered Level 1 of the Lair of Beasts
 22669 | Lair:1   | Acquired the +1 hat of Disguise {Fly Int+4}
 22874 | Lair:1   | Reached XP level 14. HP: 106/106 MP: 16/26
 23117 | Lair:1   | Offered knowledge of Airstrike by Vehumet.
 23123 | Lair:1   | Learned a level 4 spell: Airstrike
 23130 | Lair:1   | Learned a level 6 spell: Plasma Beam
 23359 | Lair:1   | Noticed Nergalle
 23402 | Lair:1   | Killed Nergalle
 24035 | Lair:1   | Found a blossoming altar of Fedhas.
 24351 | Lair:2   | Reached skill level 10 in Conjurations
 24531 | Lair:2   | Found a staircase to the Snake Pit.
 24743 | Lair:2   | Found a staircase to the Swamp.
 27663 | Lair:4   | Found a dark tunnel.
 27729 | Volcano  | Entered a volcano
 27736 | Volcano  | Offered knowledge of Eringya's Noxious Bog by Vehumet.
 27878 | Lair:4   | Reached skill level 10 in Fighting
 27878 | Lair:4   | Reached XP level 15. HP: 94/115 MP: 16/28
 27973 | Lair:4   | Identified the +6 flail of Ikeusyument {venom, *Noise rPois
                  | rC+ Str+3}
 29208 | Lair:5   | Entered Level 5 of the Lair of Beasts
 29216 | Lair:5   | Reached skill level 11 in Conjurations
 29898 | Lair:5   | Identified the +4 scale mail of Siotiovi {rC+++ Will-
                  | Regen+ Dex+3}
 29900 | Lair:5   | Found an ancient bone altar of Kikubaaqudgha.
 30065 | Lair:5   | Found a staircase to the Slime Pits.
 30066 | Lair:5   | Found a viscous altar of Jiyva.
 31012 | Lair:5   | Acquired the ring of Vampiric Thralls {rN+ Int+3}
 31386 | Lair:5   | Reached skill level 10 in Spellcasting
 32112 | Lair:5   | Upgraded the game from 0.30-a0-1053-gbd8d5ba0ad to
                  | 0.30-a0-1066-g63dfefce0d
 32248 | D:12     | Identified the +3 shortbow of Humut {drain, rPois Dex+2}
 32776 | D:12     | Offered knowledge of Orb of Destruction by Vehumet.
 32784 | D:12     | Reached skill level 1 in Ranged Weapons
 32784 | D:12     | Reached XP level 16. HP: 122/122 MP: 6/30
 33466 | D:13     | Noticed Azrael
 33470 | D:13     | Killed Azrael
 33932 | D:13     | Noticed Snorg
 33937 | D:13     | Killed Snorg
 34126 | D:13     | Found a runed translucent door.
 34433 | D:13     | Found a gate to the Vaults.
 34780 | D:13     | Found a runed translucent door.
 34791 | D:13     | Found a runed translucent door.
 34805 | D:13     | Found a runed translucent door.
 35118 | D:13     | Reached skill level 12 in Conjurations
 35828 | D:14     | Noticed Josephine
 35832 | D:14     | Killed Josephine
 35995 | D:14     | Noticed Roxanne
 36594 | D:14     | Reached skill level 10 in Fire Magic
 36594 | D:14     | Reached skill level 10 in Air Magic
 36898 | D:15     | Entered Level 15 of the Dungeon
 36898 | D:15     | Noticed Rupert
 36902 | D:15     | Killed Rupert
 37239 | D:15     | Offered knowledge of Fireball by Vehumet.
 37246 | D:15     | Learned a level 5 spell: Fireball
 37561 | D:15     | Found a staircase to the Depths.
 38206 | Snake:1  | Entered Level 1 of the Snake Pit
 38206 | Snake:1  | Found Dusec's Distillery.
 38499 | Snake:1  | Reached XP level 17. HP: 103/128 MP: 14/32
 40168 | Snake:1  | Reached skill level 5 in Ranged Weapons
 40258 | Snake:1  | Bought a potion of heal wounds for 90 gold pieces
 40261 | Snake:1  | Bought a potion of magic for 144 gold pieces
 40261 | Snake:1  | Bought a potion of magic for 144 gold pieces
 41496 | Snake:2  | Identified the +7 flail of Nuqy {speed, *Noise rF++ SInv}
 42469 | Snake:2  | You are sucked into a shaft and drop 1 floor!
 42505 | Snake:3  | Reached skill level 13 in Conjurations
 42743 | Snake:2  | Found Minileog's Magic Scroll Boutique.
 42744 | Snake:2  | Found Xetu's Magic Scroll Boutique.
 42744 | Snake:2  | Found Gimuhiz's Distillery.
 42749 | Snake:2  | Bought a scroll of fear for 68 gold pieces
 42749 | Snake:2  | Bought a scroll of teleportation for 51 gold pieces
 42749 | Snake:2  | Found Zeogruan's Antique Weapon Shop.
 42758 | Snake:2  | Bought a potion of resistance for 160 gold pieces
 42817 | Snake:2  | Found Fiecuwey's Magic Scroll Emporium.
 42871 | Snake:2  | Bought a scroll of teleportation for 42 gold pieces
 42871 | Snake:2  | Bought a scroll of teleportation for 42 gold pieces
 42871 | Snake:2  | Bought a scroll of teleportation for 42 gold pieces
 43847 | Snake:2  | Offered knowledge of Conjure Ball Lightning by Vehumet.
 44225 | Snake:3  | Reached XP level 18. HP: 123/134 MP: 22/33
 44810 | Snake:3  | Reached skill level 10 in Shields
 45423 | Snake:3  | Found a runed translucent door.
 46554 | Snake:4  | Entered Level 4 of the Snake Pit
 46757 | Snake:4  | Found a frozen archway.
 46761 | Snake:4  | Noticed Bai Suzhen
 47072 | IceCv    | Entered an ice cave
 47278 | IceCv    | Learned a level 5 spell: Lee's Rapid Deconstruction
 47931 | IceCv    | Identified the +0 ice dragon scales of Inquiry {rPois rF-
                  | rC++ Str+3 Stlth-}
 48167 | IceCv    | Got the Guidebook on Congelation
 50540 | Snake:4  | Reached skill level 14 in Conjurations
 51015 | Snake:4  | Reached XP level 19. HP: 140/140 MP: 20/35
 51048 | Snake:4  | Found Ypaap's Jewellery Emporium.
 51075 | Snake:4  | Offered knowledge of Spellforged Servitor by Vehumet.
 51423 | Snake:4  | Found Xuofeuca's Book Boutique.
 51424 | Snake:4  | Found Xonosof's Jewellery Emporium.
 51431 | Snake:4  | Bought the ring "Emuth" {Fire Fly rElec rPois Int-2} for
                  | 822 gold pieces
 52174 | Snake:4  | Reached skill level 10 in Armour
 53352 | Snake:4  | Reached skill level 10 in Dodging
 53542 | Snake:4  | Got a serpentine rune of Zot
 53562 | Snake:4  | Learned a level 7 spell: Spellforged Servitor
 53902 | Vaults:1 | Entered Level 1 of the Vaults
 54141 | Vaults:1 | Reached skill level 1 in Summonings
 54158 | Vaults:1 | Noticed Nikola
 54185 | Vaults:1 | Killed Nikola
 54607 | Vaults:1 | Found a runed translucent gate.
 54607 | Vaults:1 | Found a runed translucent gate.
 54607 | Vaults:1 | Found a runed translucent gate.
 54607 | Vaults:1 | Noticed Rudyous's ghost (adept DsFE)
 55145 | Vaults:1 | Reached skill level 15 in Conjurations
 55367 | Vaults:1 | Reached ****** piety under Vehumet
 55686 | Vaults:1 | Reached XP level 20. HP: 147/147 MP: 15/37
 56092 | Vaults:1 | Offered knowledge of Shatter by Vehumet.
 56092 | Vaults:1 | Offered knowledge of Chain Lightning by Vehumet.
 56092 | Vaults:1 | Offered knowledge of Maxwell's Capacitive Coupling by
                  | Vehumet.
 57114 | Vaults:2 | Found Pecirch's Antique Armour Shoppe.
 57121 | Vaults:2 | Bought a pair of embroidered boots for 300 gold pieces
 57584 | Vaults:2 | Reached skill level 5 in Summonings
 57679 | Vaults:2 | Bought a glowing leather armour for 200 gold pieces
 57683 | Vaults:2 | Bought a glowing leather armour for 200 gold pieces
 59553 | Vaults:3 | Noticed Saint Roka
 59556 | Vaults:3 | Killed Saint Roka
 59579 | Vaults:3 | Noticed a bone dragon
 59770 | Vaults:3 | Noticed Zenata
 59774 | Vaults:3 | Killed Zenata
 60048 | Vaults:3 | Found a staircase to the Crypt.
 60359 | Vaults:3 | Killed a bone dragon
 61365 | Vaults:3 | Got the Verses on Vexatious Fulmination
 61485 | Vaults:3 | Noticed Mara
 61500 | Vaults:3 | Noticed Lobster4's illusion
 61814 | Vaults:3 | Found a gateway to a bazaar.
 61824 | Bazaar   | Entered a bazaar
 61855 | Bazaar   | Found Sufroor's Distillery.
 61856 | Bazaar   | Found Teiz's Distillery.
 61899 | Bazaar   | Found Ydghoeta's Magic Scroll Shoppe.
 61899 | Bazaar   | Found Kuapoh's Weapon Shoppe.
 61942 | Bazaar   | Bought a potion of heal wounds for 80 gold pieces
 61954 | Bazaar   | Bought a potion of haste for 110 gold pieces
 62139 | Vaults:4 | Reached XP level 21. HP: 154/154 MP: 39/39
 63245 | Vaults:4 | Found a transporter.
 63245 | Vaults:4 | Found a transporter.
 63249 | Vaults:4 | Found a bloodstained altar of Trog.
 63260 | Vaults:4 | Noticed Inath's ghost (adept OpTm)
 63812 | Vaults:4 | Noticed Frederick
 64369 | Swamp:1  | Entered Level 1 of the Swamp
 65133 | Swamp:1  | Found a sparkling altar of Nemelex Xobeh.
 65255 | Swamp:1  | Noticed Aizul
 65348 | Swamp:1  | Killed Aizul
 65632 | Swamp:2  | Reached skill level 5 in Evocations
 66272 | Swamp:2  | Reached skill level 16 in Conjurations
 67492 | Swamp:4  | Entered Level 4 of the Swamp
 68845 | Swamp:4  | Reached XP level 22. HP: 164/164 MP: 27/40
 69292 | Swamp:4  | Got a decaying rune of Zot
 69785 | D:3      | Killed Elsrick's ghost
 70325 | D:6      | Killed Maggie
 70504 | D:11     | Found a transporter.
 70516 | D:11     | Killed avis's ghost
 70642 | D:13     | Identified the +6 dagger "Ehoq" {freeze, *Corrode Will+
                  | Dex+3}
 70764 | D:14     | Killed Roxanne
 72289 | Snake:3  | Found a runed translucent door.
 73527 | Depths:1 | Entered Level 1 of the Depths
 73945 | Depths:1 | Found a one-way gate to the infinite horrors of the Abyss.
 74253 | Depths:1 | Found a gateway to Hell.
 75347 | Depths:2 | Reached skill level 15 in Spellcasting
 75653 | Depths:2 | Found a hide-covered altar of Uskayaw.
 77394 | Depths:2 | Identified the +0 leather armour of Uzyo {*Corrode rF++ rC+
                  | Regen+}
 77426 | Depths:2 | Reached XP level 23. HP: 151/173 MP: 11/42
 78398 | Depths:3 | Found the +2 shield of Resistance {rF++ rC++ Will++}
 78733 | Snake:4  | Bought the amulet of Cafehy {Reflect rCorr SH+5} for 852
                  | gold pieces
 80428 | Depths:3 | Identified the +6 morningstar of Peril {heavy, Str+3}
 80428 | Depths:3 | Noticed a royal mummy
 80485 | Depths:3 | Killed a royal mummy
 80486 | Depths:3 | Reached skill level 17 in Conjurations
 81192 | Depths:4 | Entered Level 4 of the Depths
 81225 | Depths:4 | Noticed Parghit
 81454 | Depths:4 | Noticed a caustic shrike
 81455 | Depths:4 | Noticed a caustic shrike
 81456 | Depths:4 | Noticed a caustic shrike
 81457 | Depths:4 | Noticed a caustic shrike
 81458 | Depths:4 | Killed a caustic shrike
 81458 | Depths:4 | Killed a caustic shrike
 81458 | Depths:4 | Noticed a caustic shrike
 81459 | Depths:4 | Reached skill level 5 in Stealth
 81459 | Depths:4 | Killed a caustic shrike
 81462 | Depths:4 | Killed a caustic shrike
 81465 | Depths:4 | Killed a caustic shrike
 81630 | Depths:4 | Noticed a juggernaut
 81897 | Depths:4 | Reached skill level 10 in Earth Magic
 82341 | Depths:4 | Killed a juggernaut
 82342 | Depths:4 | Reached skill level 10 in Summonings
 82342 | Depths:4 | Reached XP level 24. HP: 182/182 MP: 38/42
 82393 | Depths:4 | Killed Parghit
 82705 | Depths:4 | Found a one-way gateway to a ziggurat.
 83349 | Depths:4 | Noticed a golden dragon
 83356 | Depths:4 | Killed a golden dragon
 83401 | Depths:4 | Found a gate to the Realm of Zot.
 83412 | Depths:4 | Learned a level 5 spell: Summon Forest
 83714 | Elf:1    | Entered Level 1 of the Elven Halls
 83736 | Elf:1    | Noticed Jorgrun
 83739 | Orc:2    | Paralysed by an air elemental for 1 turns
 83881 | Orc:2    | Killed Jorgrun
 85224 | Elf:1    | Paralysed by an air elemental for 1 turns
 85540 | Elf:1    | Acquired 1255 gold pieces
 86870 | Elf:2    | Found a runed translucent gate.
 86870 | Elf:2    | Found a runed translucent gate.
 86870 | Elf:2    | Found a runed translucent gate.
 86922 | Elf:3    | Entered Level 3 of the Elven Halls
 88931 | Elf:3    | Reached XP level 25. HP: 109/190 MP: 23/42
 88932 | Elf:3    | Reached skill level 5 in Translocations
 89304 | Elf:3    | Identified the +10 mace of the Lame Duck {heavy, rElec
                  | Str+3}
 89304 | Elf:3    | Identified the +0 plate armour of the Falcon {Rampage rC-
                  | Will++}
 89403 | Elf:3    | Identified the +10 mace of Regicide {freeze, rPois}
 89403 | Elf:3    | Identified the amulet "Humoywn" {Reflect rF+ rC++ Will+
                  | SH+5}
 89832 | Elf:3    | Reached skill level 18 in Conjurations
 90263 | Elf:3    | Identified the staff of death "Fucocos" {rPois rC+ rN+
                  | Int+2}
 90268 | Elf:3    | Identified the staff of death "Buavvus" {rF+ rN+}
 90286 | Elf:3    | Identified the +8 dagger of the Enormous God {flame, rC+}
 90290 | Elf:3    | Identified the +0 scale mail of the Tick {rC+ Will+ MP+9}
 90386 | Elf:3    | Upgraded the game from 0.30-a0-1066-g63dfefce0d to
                  | 0.30-a0-1074-g5db6f66fbb
 92390 | Crypt:1  | Entered Level 1 of the Crypt
 92486 | Crypt:1  | Found a burning altar of Makhleb.
 92498 | Crypt:1  | Found a magical portal.
 92545 | WizLab   | Entered The Chambers of the Cloud Mage
 92558 | WizLab   | Paralysed by an air elemental for 1 turns
 92560 | WizLab   | Paralysed by an air elemental for 1 turns
 92568 | WizLab   | Paralysed by an air elemental for 1 turns
 92575 | WizLab   | Paralysed by an air elemental for 1 turns
 92585 | WizLab   | Paralysed by an air elemental for 1 turns
 93200 | WizLab   | Identified the ring of Timirong {Fly rElec}
 93362 | WizLab   | Identified the ring "Puggufil" {Fly Str-3 Int+5}
 93362 | WizLab   | Noticed Taubuare
 93371 | WizLab   | Killed Taubuare the Cloud Mage
 93511 | WizLab   | Got the Papyrus of the Sky
 93873 | Crypt:1  | Found a huge runed translucent gate.
 93873 | Crypt:1  | Found a huge runed translucent gate.
 93874 | Crypt:1  | Found a huge runed translucent gate.
 93874 | Crypt:1  | Found a huge runed translucent gate.
 93874 | Crypt:1  | Found a huge runed translucent gate.
 93874 | Crypt:1  | Found a huge runed translucent gate.
 93875 | Crypt:1  | Found a huge runed translucent gate.
 93875 | Crypt:1  | Found a huge runed translucent gate.
 93875 | Crypt:1  | Found a huge runed translucent gate.
 94252 | Crypt:1  | Found a glowing golden altar of the Shining One.
 94767 | Crypt:1  | Identified the +1 double sword "Conservator" {freeze, rElec
                  | rF++ rC+ Stlth+}
 94767 | Crypt:1  | Identified the +1 shortbow "Oxergh" {heavy, rF- Int+8 SInv}
 94957 | Crypt:2  | Reached XP level 26. HP: 190/199 MP: 19/42
 95172 | Crypt:2  | Reached skill level 15 in Dodging
 96446 | Crypt:2  | Reached skill level 15 in Fighting
 96600 | Crypt:3  | Entered Level 3 of the Crypt
 97321 | Crypt:3  | Found a staircase to the Tomb.
 97831 | Crypt:3  | Identified the +5 falchion "Nuejull" {drain, rF+ Will+}
 97833 | Crypt:3  | Got Sif Muna's Quarto of the Shot
 98631 | Crypt:3  | Identified the +0 buckler of a Labyrinth {Regen+ Dex+3}
 98688 | Crypt:3  | Identified the +3 shortbow "Dayzxati" {drain, rC+}
 99337 | Crypt:3  | Found the +7 sceptre of Torment {pain, torment}
 99350 | Crypt:3  | Identified the +4 chain mail of the Chupacabra {Will+
                  | Dex+7}
 99362 | Crypt:3  | Identified the ring of Penlee {Ice Str+3}
 99378 | Crypt:3  | Upgraded the game from 0.30-a0-1074-g5db6f66fbb to
                  | 0.30-a0-1075-gcd70e7a56d
 99870 | Snake:2  | Found Minileog's Magic Scroll Boutique.
 99872 | Snake:2  | Found Xetu's Magic Scroll Boutique.
 99872 | Snake:2  | Found Gimuhiz's Distillery.
 99875 | Snake:2  | Found Zeogruan's Antique Weapon Shop.
100082 | Snake:2  | Found Fiecuwey's Magic Scroll Emporium.
100291 | Snake:2  | Found Minileog's Magic Scroll Boutique.
100293 | Snake:2  | Found Xetu's Magic Scroll Boutique.
100293 | Snake:2  | Found Gimuhiz's Distillery.
100296 | Snake:2  | Found Zeogruan's Antique Weapon Shop.
100432 | Snake:2  | Found Fiecuwey's Magic Scroll Emporium.
100445 | Snake:2  | Killed Bai Suzhen
100456 | Snake:2  | Learned a level 5 spell: Freezing Cloud
100931 | D:13     | Killed Rudyous's ghost
100934 | D:13     | Found a gate to the Vaults.
101252 | Vaults:3 | Noticed Lobster4's illusion
101257 | Vaults:3 | Killed Mara
101846 | Vaults:4 | Killed Frederick
102229 | Vaults:4 | Killed Inath's ghost
102846 | Crypt:1  | Reached XP level 27. HP: 208/208 MP: 20/42
103101 | Crypt:2  | Found a basalt altar of Yredelemnul.
103314 | Vaults:5 | Entered Level 5 of the Vaults
103320 | Vaults:5 | Noticed an ancient lich
103690 | Vaults:5 | Identified the +5 lajatang "Mobeur" {heavy, rElec rPois}
104248 | Vaults:5 | Noticed an ancient lich
104257 | Vaults:5 | Killed an ancient lich
104388 | Vaults:5 | Identified the +11 quarterstaff of Hatred {spect, Int+4}
104583 | Vaults:5 | Noticed Boris
104588 | Vaults:5 | Killed Boris
104823 | Vaults:5 | Identified the +0 pair of gloves "Noloucuz" {rF+ Str+3
                  | Int+2 Slay+2}
104901 | Vaults:5 | Identified the staff of cold "Roev" {Drain rElec rC+ rCorr
                  | Int+6}
104984 | Vaults:5 | Noticed a dread lich
104985 | Vaults:5 | Killed a dread lich
105001 | Vaults:5 | Killed an ancient lich
105002 | Vaults:5 | Reached skill level 15 in Armour
105003 | Vaults:5 | Identified the +1 mace of Jecysoum {heavy, *Slow rCorr
                  | Int+2}
105259 | Vaults:5 | Identified the +0 war axe "Fanir" {heavy, rC+ Dex+2}
105266 | Vaults:5 | Got a silver rune of Zot
105709 | Vaults:5 | Identified the staff of earth "Xitaelil" {rF- rC+ Str+3
                  | Int+4}
105902 | Vaults:5 | Noticed a dread lich
105912 | Vaults:5 | Killed a dread lich
106371 | Orc:2    | Bought an Inescapable Atlas for 448 gold pieces
106374 | Orc:2    | Learned a level 2 spell: Blink
106663 | Zot:1    | Entered Level 1 of the Realm of Zot
107317 | Zot:1    | Identified the +10 spear "Qoleexo" {drain, Will+}
109321 | Zot:2    | Reached skill level 10 in Translocations
109716 | Zot:3    | Found Hetzergh's Changing Room.
110187 | Zot:3    | Found a runed translucent gate.
110187 | Zot:3    | Found a runed translucent gate.
110190 | Zot:3    | Found a runed translucent gate.
110197 | Zot:3    | Noticed CornPuffBuddha's ghost (veteran HOMo)
110816 | Zot:3    | Reached skill level 19 in Conjurations
110891 | Zot:3    | Identified the +2 robe of Lust {+Blink}
111544 | Zot:4    | Reached skill level 15 in Earth Magic
112694 | Zot:5    | Entered Level 5 of the Realm of Zot
113727 | Zot:5    | Noticed an ancient lich
113738 | Zot:5    | Killed an ancient lich
113903 | Zot:5    | Noticed an orb of fire
113906 | Zot:5    | Gained mutation: Armour fits poorly on your strangely
                  | shaped body. [an orb of fire]
113907 | Zot:5    | Gained mutation: Your body sometimes deteriorates upon
                  | taking damage. [an orb of fire]
113908 | Zot:5    | Gained mutation: Potions are less effective at restoring
                  | your health. [an orb of fire]
113922 | Zot:4    | Lost mutation: Potions are less effective at restoring your
                  | health. [potion of mutation]
113922 | Zot:4    | Lost mutation: Your body sometimes deteriorates upon taking
                  | damage. [potion of mutation]
113922 | Zot:4    | Gained mutation: You occasionally shout uncontrollably at
                  | your foes. [potion of mutation]
113923 | Zot:4    | Lost mutation: Armour fits poorly on your strangely shaped
                  | body. [potion of mutation]
113923 | Zot:4    | Lost mutation: You occasionally shout uncontrollably at
                  | your foes. [potion of mutation]
113923 | Zot:4    | Gained mutation: You sometimes lose your temper in combat.
                  | [potion of mutation]
113923 | Zot:4    | Gained mutation: Your body sometimes deteriorates upon
                  | taking damage. [potion of mutation]
113923 | Zot:4    | Gained mutation: You are partially covered in iridescent
                  | scales. (AC +2) [potion of mutation]
113932 | Zot:4    | Learned a level 6 spell: Iron Shot
114071 | Zot:5    | Killed an orb of fire
114103 | Zot:5    | Noticed an orb of fire
114104 | Zot:5    | Noticed an ancient lich
114111 | Zot:5    | Noticed an orb of fire
114150 | Zot:5    | Reached skill level 15 in Summonings
114294 | Zot:5    | Killed an ancient lich
114295 | Zot:5    | Noticed a Killer Klown
114409 | Zot:5    | Gained mutation: You are clumsy. (Dex -2) [an orb of fire]
114414 | Zot:4    | Killed a Killer Klown
114415 | Zot:4    | Lost mutation: You sometimes lose your temper in combat.
                  | [potion of mutation]
114415 | Zot:4    | Lost mutation: Your body sometimes deteriorates upon taking
                  | damage. [potion of mutation]
114415 | Zot:4    | Gained mutation: Your flesh is heat resistant. (rF+)
                  | [potion of mutation]
114415 | Zot:4    | Gained mutation: You are frail. (-10% HP) [potion of
                  | mutation]
114415 | Zot:4    | Lost mutation: You are clumsy. (Dex -2) [potion of
                  | mutation]
114684 | Zot:5    | Gained mutation: Your body sometimes deteriorates upon
                  | taking damage. [an orb of fire]
114690 | Zot:5    | Killed an orb of fire
114778 | Zot:5    | Noticed an orb of fire
114783 | Zot:5    | Killed an orb of fire
114893 | Zot:5    | Noticed an orb of fire
114894 | Zot:5    | Gained mutation: Your body often deteriorates upon taking
                  | damage. [an orb of fire]
114898 | Zot:5    | Gained mutation: You are clumsy. (Dex -2) [an orb of fire]
114899 | Zot:5    | Killed an orb of fire
115051 | Zot:5    | Lost mutation: You are partially covered in iridescent
                  | scales. (AC +2) [potion of mutation]
115051 | Zot:5    | Lost mutation: Your flesh is heat resistant. (rF+) [potion
                  | of mutation]
115051 | Zot:5    | Lost mutation: You are frail. (-10% HP) [potion of
                  | mutation]
115051 | Zot:5    | Gained mutation: You expend magic power (3 MP) to
                  | strengthen your wands. [potion of mutation]
115051 | Zot:5    | Lost mutation: You are clumsy. (Dex -2) [potion of
                  | mutation]
115051 | Zot:5    | Gained mutation: You have large cloven feet. [potion of
                  | mutation]
115122 | Zot:5    | Noticed an orb of fire
115238 | Zot:5    | Killed an orb of fire
115445 | Zot:5    | Killed an orb of fire
115687 | Zot:5    | Noticed a dread lich
115804 | Zot:5    | Noticed a Killer Klown
115806 | Zot:5    | Noticed an orb of fire
115859 | Zot:5    | Killed a Killer Klown
115932 | Zot:5    | Killed a dread lich
116317 | Zot:5    | Noticed a Killer Klown
116477 | Zot:5    | Killed a Killer Klown
116793 | Zot:5    | Noticed a Killer Klown
116809 | Zot:5    | Killed a Killer Klown
117195 | Zot:5    | Gained mutation: You are weak. (Str -2) [an orb of fire]
117199 | Zot:5    | Killed an orb of fire
117857 | Zot:5    | Noticed an orb of fire
117862 | Zot:5    | Reached skill level 20 in Conjurations
117866 | Zot:5    | Gained mutation: You occasionally shout uncontrollably at
                  | your foes. [an orb of fire]
117867 | Zot:5    | Gained mutation: Your mind is acute. (Int +4, Str/Dex -1)
                  | [an orb of fire]
117868 | Zot:5    | Killed an orb of fire
118039 | Zot:5    | Lost mutation: You have large cloven feet. [potion of
                  | mutation]
118039 | Zot:5    | Lost mutation: Your body often deteriorates upon taking
                  | damage. [potion of mutation]
118039 | Zot:5    | Gained mutation: Your natural rate of healing is unusually
                  | fast. [potion of mutation]
118039 | Zot:5    | Gained mutation: You occasionally lose the ability to drink
                  | potions when taking damage. [potion of mutation]
118039 | Zot:5    | Gained mutation: You have hidden genetic potential. [potion
                  | of mutation]
118040 | Zot:5    | Lost mutation: You occasionally shout uncontrollably at
                  | your foes. [potion of mutation]
118040 | Zot:5    | Lost mutation: You occasionally lose the ability to drink
                  | potions when taking damage. [potion of mutation]
118040 | Zot:5    | Lost mutation: Your natural rate of healing is unusually
                  | fast. [potion of mutation]
118040 | Zot:5    | Gained mutation: You have a pair of small antennae on your
                  | head. [potion of mutation]
118040 | Zot:5    | Gained mutation: Your flesh is cold resistant. (rC+)
                  | [potion of mutation]
118325 | Zot:5    | Got the Orb of Zot
118451 | Zot:1    | Noticed Ruuggyul the pandemonium lord
118458 | Zot:1    | Killed Ruuggyul the pandemonium lord
119095 | D:3      | Noticed Seac the pandemonium lord
119205 | D:$      | Escaped with the Orb!

Illustrated notes

Levels and vault maps discovered:
D:1:      dpeg_arrival_three_smaller_balls, layout_basic, minmay_heptomino_d4
D:2:      layout_loops_ring
D:3:      layout_basic, mainiacjoe_overflow_cross_hatched,
          mainiacjoe_overflow_alcove_4, mainiacjoe_overflow_alcove_2,
          lemuel_crystal_altar, serial_co_window_serial, co_window_paths_a,
          co_window_corner_a, co_window_of_opportunity_a, co_window_corner_a,
          co_window_paths_b, co_window_corner_ca, co_window_broadway_c,
          co_window_unsneaky_path_b, co_window_broadway_c,
          co_window_of_opportunity_c, glass_columns_a, glass_columns_b,
          ebering_ghost_sewer_d
D:4:      layout_cave_pools, nicolae_overflow_crystal_walls,
          minmay_temple_entry_poolview
D:5:      layout_loops_cross, mainiacjoe_overflow_boulevard,
          nicolae_qazlal_scattered_showers, amcnicky_altar_gilded,
          chequers_serial_rivers_marsh
D:6:      layout_gridville, st_stairs_13, roderic_roman_lattice,
          reono_crystal_passage, minmay_statues_item, lightli_corner_chamber,
          uniq_maggie, uniq_sigmund, uniq_menkaure
D:7:      layout_gridville, yredelemnul_forgotten_temple_becter, uniq_joseph
D:8:      nicolae_cairo_tiling_very_big, layout_loops_ring,
          palyth_stone_intersect
D:9:      layout_loops_corners, lightli_temple_of_fire,
          kennysheep_okawaru_gauntlet, xom_redecorated, serial_rivers,
          chequers_serial_rivers_small_a, chequers_serial_rivers_small_b,
          chequers_serial_rivers_room_b, chequers_serial_rivers_micro_a,
          chequers_serial_rivers_micro_c, uniq_pikel
D:10:     lemuel_bear_cage, layout_long_grid, lemuel_round_altar, enter_bailey_3
D:11:     layout_roguey, minmay_lair_entry_grove, david_orc_3,
          gammafunk_ghost_smash, feat_on_display
D:12:     layout_roguey
D:13:     layout_roguey, david_vaults_1, grunt_ministairs_6,
          minmay_statue_crystal_thing, uniq_azrael, uniq_snorg
D:14:     nooodl_glass_maze, layout_basic, serial_aquarium,
          aquarium_bridge_square [aquarium_subvault_wall,
          aquarium_subvault_wall, aquarium_subvault_bridge,
          aquarium_subvault_bridge], aquarium_window_fake, aquarium_window_fake,
          aquarium_window_corner, aquarium_window_corridor_1, aquarium_view_2c,
          aquarium_view_2b, aquarium_balcony_5b, aquarium_pool_2,
          kennysheep_another_room, uniq_roxanne, uniq_josephine
D:15:     grunt_enter_depths_magical_seal, layout_cave_pools,
          hangedman_abyss_or_decor_stabs, uniq_rupert
Temple:   nicolae_temple_ecumenical_triangle
Lair:1:   layout_cave_pods, hangedman_tree_tricks, infiniplex_staircase_pool_2,
          grunt_megastairs_3, uniq_nergalle
Lair:2:   layout_layer_cave, swamp_mist, minmay_snake_entry_guardpost_small,
          lemuel_fruit_fields
Lair:3:   layout_loops_ring, wad_woods_01
Lair:4:   layout_gridlike, nicolae_volcano_entry_batcave
Lair:5:   due_jungle_book, layout_regular_city, slime_entry_1, basic_altar
Swamp:1:  layout_basic_swamp, basic_altar, uniq_aizul
Swamp:2:  layout_falls_marsh, hangedman_swamp_ruin_wall
Swamp:3:  layout_basic_swamp, nicolae_swamp_bean_lake
Swamp:4:  swamp_icy, layout_basic_swamp, infiniplex_staircase_pool
Snake:1:  layout_misc_corridors, serial_shops, shop, grunt_ministairs_11,
          grunt_megastairs_4
Snake:2:  layout_rooms, serial_shops, nicolae_diamond_shop, grunt_megastairs_2,
          minmay_shoptagon
Snake:3:  nicolae_cobra_stairs, layout_cave_town, lightli_airlock
Snake:4:  snake_pit_salamanders_mu, layout_gridlike,
          portal_ice_cave_entry_pillars_1, minmay_shop_grove, uniq_bai_suzhen
Orc:1:    layout_caves, uniq_sonja
Orc:2:    pf_orc_diabolical, layout_caves
Elf:1:    minmay_elf_arrival_plus, layout_loops_cross, minmay_elf_annihilation,
          minivault_16, uniq_jorgrun
Elf:2:    nicolae_elf_blades_splatter_lattice [nooodl_blade_entry_preview],
          layout_geoelf_octagon, dk_noncrumbling_2
Elf:3:    minmay_elf_hall_four_x, layout_loops_corners, serial_co_window_serial,
          co_window_paths_b, co_window_paths_a, co_window_of_opportunity_a,
          co_window_of_opportunity_a, co_window_paths_a, co_window_corner_a,
          co_window_corner_a, co_window_of_opportunity_a, co_window_paths_a,
          co_window_corner_cb, co_window_unsneaky_path_e, co_window_corner_b,
          co_window_paths_c, co_window_paths_c, co_window_paths_d,
          glass_columns_a, glass_columns_a, glass_columns_a
Vaults:1: gammafunk_ghost_split, vaults_room_grunt_arrival_ludios,
          nicolae_vaults_little_squares_2, st_cross, v_alt_pattern_2,
          ontoclasm_vaults_fault, v_misc_12, nicolae_vaults_circle_grid_b,
          ontoclasm_vaults_decontamination, v_misc_10, v_rooms_4,
          vaults_room_door_hall, layout_vaults_omnicross, uniq_nikola
Vaults:2: dpeg_vaults_monster_box, nicolae_vaults_twisting_passages,
          ontoclasm_vaults_bender, vaults_dpeg_hooks, grunt_vaults_trifunnel,
          v_misc_17, hangedman_vaults_variations, nicolae_vaults_asterisk,
          ontoclasm_vaults_pinch, vaults_mumra_chevron,
          ontoclasm_vaults_loading_screen, layout_vaults_omnibox, serial_shops,
          shop
Vaults:3: v_rooms_3, vaults_dpeg_ring, minmay_crypt_entry_nasty_monster,
          nicolae_vaults_network_quincunx
          [nicolae_vaults_network_quincunx_subvault,
          nicolae_vaults_network_quincunx_subvault,
          nicolae_vaults_network_quincunx_subvault,
          nicolae_vaults_network_quincunx_subvault,
          nicolae_vaults_network_quincunx_subvault],
          nicolae_vaults_big_angled_halls, st_check, ontoclasm_vaults_ligature,
          v_misc_25, v_pattern_5, nicolae_vaults_diagonal_hallway_8, v_misc_2,
          ontoclasm_vaults_gateway, nicolae_vaults_little_squares_3,
          vaults_room_corners, layout_vaults_chaotic_city, serial_shops,
          bzr_entry_customers, uniq_zenata, uniq_mara, uniq_saint_roka
Vaults:4: gammafunk_ghost_wrathful_warriors, v_misc_23, v_misc_24,
          vaults_mumra_minichess_inversion, v_alt_pattern_6,
          nicolae_vaults_bisected_exclaves, nicolae_vaults_little_ls,
          nicolae_vaults_little_squares_6, layout_vaults_omnigrid,
          uniq_frederick
Vaults:5: uniq_boris
Crypt:1:  cheibrodos_crypt_3hun_7po, layout_gridlike, mu_enter_wizlab_5,
          corexii_leaking_fountain, nzn_life_drinkers
Crypt:2:  layout_misc_corridors, lemuel_nasty_fountain, lemuel_upstairs_altar
Crypt:3:  due_elkab, layout_chaotic_city
Depths:1: layout_gridville, grunt_hell_entry_dis_old, abyss_entry, serial_glass,
          glass_columns_b, glass_columns_a, glass_columns_a, glass_columns_c,
          glass_columns_a, glass_columns_a, minmay_starry_boxes, firewood_loft
Depths:2: minmay_tri_stars, layout_basic, moated_statue,
          hangedman_tar_grid_catacomb, rand_demon_pan_entry_8,
          nicolae_uskayaw_suspiria
Depths:3: lemuel_minitomb, layout_gridlike, hell_entry, hex_medium, abyss_entry,
          infiniplex_staircase_9_rooms
Depths:4: evilmike_zot_entry_gauntlet, layout_basic, enter_ziggurat_f,
          serial_aquarium, aquarium_bridge_square [aquarium_subvault_wall,
          aquarium_subvault_bridge, aquarium_subvault_bridge,
          aquarium_subvault_wall], aquarium_window_2, aquarium_window_1,
          aquarium_window_double, aquarium_view_2d, pf_coc_iceberg, pan_entry,
          uniq_parghit
Zot:1:    layout_twisted_circle, st_stairs_1, st_single_dragon_hoard_1,
          uniq_josephina
Zot:2:    layout_basic, grunt_ministairs_10
Zot:3:    layout_gridlike, ebering_ghost_rock_garden, st_stairs_10,
          nicolae_transmutations_shop
Zot:4:    layout_gridlike
Zot:5:    layout_onion, drop_trap

Skill      XL: |  1  2  3  4  5  6  7  8  9 10 11 12 13 14 15 16 17 18 19 20 21 22 23 24 25 26 27 |
---------------+----------------------------------------------------------------------------------+-----
Throwing       | 1 2 3 |  3.0
Armour         | 1 2 3 4 5 6 8 9 10 11 12 13 19 | 19.1
Fighting       | 1 2 3 4 5 7 8 10 11 12 13 14 15 18 | 18.1
Short Blades   | 1 |  1.0
Earth Magic    | 1 2 3 4 5 6 7 9 10 11 12 13 16 | 16.4
Stealth        | 3 4 5 6 |  6.0
Dodging        | 3 4 5 6 7 9 10 11 12 13 14 15 | 15.0
Fire Magic     | 1 2 3 4 5 6 8 9 10 11 12 | 12.0
Long Blades    | 1 2 |  2.8
Spellcasting   | 3 4 5 6 8 9 10 11 12 13 14 15 17 | 17.6
Conjurations   | 5 6 7 8 9 10 11 12 13 14 15 16 17 18 20 | 20.0
Air Magic      | 1 2 3 5 6 8 9 10 12 | 12.0
Evocations     | 1 2 3 5 |  5.0
Transmutations | 1 |  1.0
Polearms       | 2 3 5 6 7 |  7.0
Poison Magic   | 2 3 |  3.0
Shields        | 1 3 5 6 7 8 9 10 11 12 13 14 | 14.0
Translocations | 1 3 4 6 8 10 | 10.0
Ranged Weapons | 1 4 5 |  5.0
Summonings     | 4 6 7 8 10 11 12 15 | 15.0

Action                     |  1- 3 |  4- 6 |  7- 9 | 10-12 | 13-15 | 16-18 | 19-21 | 22-24 | 25-27 || total
---------------------------+-------+-------+-------+-------+-------+-------+-------+-------+-------++-------
  Melee: Whip              |     4 |       |       |       |       |       |       |       |       ||     4
         Dagger            |     3 |     2 |    24 |       |       |       |       |       |       ||    29
         Trident           |       |       |     3 |    50 |   103 |   126 |   117 |    99 |   131 ||   629
         Punch             |       |       |       |     1 |     1 |       |       |       |       ||     2
         Staff             |       |       |       |       |       |     3 |       |       |    33 ||    36
  Throw: Boomerang         |     8 |       |     4 |       |    11 |       |       |       |       ||    23
         Dart              |       |       |       |    10 |    10 |     4 |     4 |     4 |       ||    32
         Throwing net      |       |       |       |     1 |       |       |       |       |       ||     1
   Cast: Magic Dart        |    72 |    72 |    79 |   136 |    92 |    16 |    10 |     1 |    15 ||   493
         Searing Ray       |     1 |    15 |    33 |    41 |    30 |    22 |     1 |     1 |       ||   144
         Stone Arrow       |       |     3 |     5 |    99 |   262 |    40 |    13 |     8 |   106 ||   536
         Scorch            |       |       |    32 |   161 |    50 |    14 |    10 |     2 |     2 ||   271
         Passwall          |       |       |     1 |       |     1 |       |       |       |       ||     2
         Flame Wave        |       |       |       |     5 |    25 |    12 |     8 |     8 |     8 ||    66
         Mephitic Cloud    |       |       |       |     2 |     4 |     2 |       |       |       ||     8
         Momentum Strike   |       |       |       |     1 |       |     1 |       |       |       ||     2
         Plasma Beam       |       |       |       |       |    63 |   356 |   328 |   468 |   554 ||  1769
         Airstrike         |       |       |       |       |     5 |   102 |   329 |    68 |   100 ||   604
         Lee's Rapid Decon |       |       |       |       |       |    15 |     5 |    25 |       ||    45
         Fireball          |       |       |       |       |       |     4 |    22 |    17 |     3 ||    46
         Spellforged Servi |       |       |       |       |       |       |       |    32 |   163 ||   195
         Freezing Cloud    |       |       |       |       |       |       |       |       |    15 ||    15
         Iron Shot         |       |       |       |       |       |       |       |       |    95 ||    95
         Summon Forest     |       |       |       |       |       |       |       |       |     1 ||     1
         Blink             |       |       |       |       |       |       |       |       |     1 ||     1
  Evoke: Wand              |       |       |       |     2 |     3 |     1 |    14 |     5 |     4 ||    29
         Phantom mirror    |       |       |       |     1 |     1 |       |     4 |       |     2 ||     8
         Condenser vane    |       |       |       |       |       |       |       |     1 |       ||     1
         Box of beasts     |       |       |       |       |       |       |       |     1 |     1 ||     2
         Phial of floods   |       |       |       |       |       |       |       |       |     2 ||     2
    Use: Scroll            |     1 |    14 |     9 |    11 |    11 |     6 |     6 |    11 |    21 ||    90
         Potion            |       |       |     1 |     5 |    10 |     4 |     5 |     1 |    12 ||    38
   Stab: Held in net/web   |       |       |       |     1 |       |       |       |       |       ||     1
         Sleeping          |       |       |       |     4 |     1 |     1 |     1 |     1 |       ||     8
         Distracted        |       |       |       |       |       |       |       |       |     2 ||     2
 Armour: Robe              |     2 |     4 |    21 |    60 |    81 |   111 |    34 |    38 |       ||   351
         Leather armour    |       |       |       |       |       |       |    39 |    47 |       ||    86
         Scale mail        |       |       |       |       |       |       |       |       |   217 ||   217
  Dodge: Dodged            |     7 |     8 |    43 |   218 |   265 |   226 |   186 |   128 |   260 ||  1341
  Block: Kite shield       |       |       |       |       |       |   177 |   164 |   211 |   533 ||  1085
         Reflection        |       |       |       |       |       |       |       |    16 |    16 ||    32

Table legend: (Time is in decaauts)
 A = Elapsed time spent in this place.
 B = Non-inter-level travel time spent in this place.
 C = Inter-level travel time spent in this place.
 D = Time resting spent in this place.
 E = Time spent auto-exploring this place.
 F = Levels seen in this place.
 G = Mean time per level.
                   A        B        C        D        E       F      G
               +--------+--------+--------+--------+--------+-----+--------+
         Total | 119615 | 109123 |  10492 |  35852 |  55978 |  56 | 2136.0 |
       Dungeon |  27810 |  24133 |   3677 |   5293 |  15688 |  15 | 1854.0 |
        Temple |     46 |     41 |      5 |      0 |     33 |   1 |   46.0 |
          Lair |  12856 |  11527 |   1329 |   4310 |   5669 |   5 | 2571.2 |
         Swamp |   5037 |   4914 |    123 |   1493 |   2731 |   4 | 1259.2 |
     Snake Pit |  14526 |  13243 |   1283 |   5341 |   6042 |   4 | 3631.5 |
  Orcish Mines |   5648 |   5321 |    327 |   3314 |    975 |   2 | 2824.0 |
   Elven Halls |   7684 |   7152 |    532 |   1970 |   3969 |   3 | 2561.3 |
        Vaults |  14633 |  13351 |   1282 |   3684 |   7513 |   5 | 2926.6 |
         Crypt |   6903 |   6306 |    597 |   2171 |   3069 |   3 | 2301.0 |
        Depths |   9199 |   8390 |    809 |   2867 |   4216 |   4 | 2299.8 |
           Zot |  11928 |  11404 |    524 |   4162 |   5201 |   5 | 2385.6 |
        Bazaar |    140 |    140 |      0 |      0 |     93 |   1 |  140.0 |
        Bailey |    836 |    836 |      0 |    274 |     88 |   1 |  836.0 |
      Ice Cave |   1236 |   1236 |      0 |    584 |    340 |   1 | 1236.0 |
       Volcano |     61 |     61 |      0 |     18 |      0 |   1 |   61.0 |
        Wizlab |   1064 |   1064 |      0 |    369 |    351 |   1 | 1064.0 |
               +--------+--------+--------+--------+--------+-----+--------+

Top non-repeatable levels by time:
   Orc:2: 4735 daAuts
   Zot:5: 4733 daAuts
 Snake:3: 4723 daAuts
 Snake:4: 4591 daAuts
  Lair:2: 4348 daAuts
Vaults:1: 3973 daAuts
    D:11: 3550 daAuts
Vaults:4: 3255 daAuts
Vaults:3: 3246 daAuts
    D:13: 3222 daAuts
 Snake:2: 3117 daAuts
   Elf:2: 3035 daAuts
   Elf:3: 3006 daAuts
Depths:3: 2897 daAuts
 Crypt:3: 2692 daAuts
